 Dungeon Crawl Stone Soup version 0.28-b1-1-g3c77fb2ed1 (webtiles) character file.

Game seed: 6844095446536232016

13456 Kaptain the Covert (level 12, -4/85 HPs)
             Began as an Octopode Hedge Wizard on Jan 27, 2022.
             Slain by an orc knight (24 damage)
             ... on level 9 of the Dungeon.
             The game lasted 01:04:41 (14180 turns).

Kaptain the Covert (Octopode Hedge Wizard)         Turns: 14180, Time: 01:04:42

Health: -4/85      AC:  6    Str: 21    XL:     12   Next: 6%
Magic:  34/34      EV: 15    Int: 38    God:
Gold:   975        SH:  4    Dex: 11    Spells: 17/30 levels left

rFire   x . .      SeeInvis .   l - +2 dagger (venom)
rCold   + . .      Faith    .   P - +0 buckler
rNeg    . . .      Spirit   .   b - +1 hat
rPois   +          Reflect  .   j - amulet of magic regeneration
rElec   .          Harm     .   c - +4 ring of protection
rCorr   .          Rampage  .   g - +6 ring of strength
Will    ++...                   o - +6 ring of strength
Stlth   ++++++....              v - ring of willpower
HPRegen 0.24/turn               p - ring of magical power
MPRegen 0.64/turn               w - ring of Sunosa {rF- rC+ Will+ Int+10 Stlth+}
                                J - +6 ring of intelligence
                                Q - ring of poison resistance

@: on blink cooldown
A: almost no armour, amphibious, 8 rings, camouflage 1, gelatinous body 1,
(nimble swimmer 1), tentacles
a: no special abilities


You were on level 9 of the Dungeon.
You visited 4 branches of the dungeon, and saw 14 of its levels.
You also visited: Bailey.

You collected 975 gold pieces.

Inventory:

Hand Weapons
 l - a +2 dagger of venom (weapon)
 q - a +2 spear of venom
 x - a +1 long sword of protection
 E - a +2 whip of flaming
 F - a +0 trident
 K - the +4 dagger of the Red Skies {freeze, SInv}
   (You took it off a hobgoblin in a bailey)

   It freezes those it strikes, dealing additional cold damage.
   It can also slow down cold-blooded creatures.
   SInv:      It lets you see invisible.
 O - a +3 flail
Missiles
 e - 282 stones
 h - 18 poisoned darts
 I - 5 curare-tipped darts
Armour
 b - a +1 hat (worn)
 P - a +0 buckler (worn)
Jewellery
 c - a +4 ring of protection (left tentacle)
 g - a +6 ring of strength (right tentacle)
 j - an amulet of magic regeneration (around mantle)
 o - a +6 ring of strength (on tentacle)
 p - a ring of magical power (on tentacle)
 v - a ring of willpower (on tentacle)
 w - the ring of Sunosa (on tentacle) {rF- rC+ Will+ Int+10 Stlth+}
   (You acquired it on level 6 of the Dungeon)

   [ring of protection from cold]

   Int:       It affects your intelligence (+10).
   rF:        It makes you vulnerable to fire.
   rC:        It protects you from cold.
   Will:      It increases your willpower.
   Stlth:     It makes you more stealthy.
 C - a ring of ice
 J - a +6 ring of intelligence (on tentacle)
 Q - a ring of poison resistance (on tentacle)
Wands
 i - a wand of polymorph (4)
 k - a wand of paralysis (9)
Scrolls
 d - a scroll of fear
 f - a scroll of enchant armour
 m - a scroll of magic mapping
 t - 2 scrolls of blinking
 y - a scroll of immolation
 G - a scroll of enchant weapon
 L - a scroll of fog
 N - a scroll of teleportation
Potions
 a - a potion of ambrosia
 n - a potion of brilliance {unknown}
 r - 3 potions of resistance
 s - 3 potions of magic {unknown}
 u - 4 potions of curing
 z - 2 potions of lignification {unknown}
 A - a potion of flight {unknown}
 B - 2 potions of attraction {unknown}
 D - 2 potions of degeneration {unknown}
 H - a potion of mutation {unknown}


   Skills:
 * Level 9.0 Fighting
 + Level 7.2 Dodging
 + Level 10.3 Stealth
 * Level 2.4 Shields
 * Level 9.7 Spellcasting
 * Level 10.0 Conjurations
 - Level 1.0 Summonings
 - Level 1.0 Translocations
 + Level 0.4 Fire Magic


You had 17 spell levels left.
You knew the following spells:

 Your Spells              Type           Power      Damage    Failure   Level
a - Magic Dart            Conj           100%       1d8       1%          1
b - Blink                 Tloc           52%        N/A       2%          2
c - Call Imp              Summ           26%        N/A       2%          2
d - Mephitic Cloud        Conj/Pois/Air  43%        N/A       1%          3
e - Slow                  Hex            72%        N/A       2%          1
f - Conjure Flame         Conj/Fire      55%        6-21      1%          3
g - Foxfire               Conj/Fire      100%       2x1d9     1%          1

Your spell library contained the following spells:

 Spells                   Type           Power      Damage    Failure   Level
 Flame Wave               Conj/Fire      55%        2d11      3%          4
 Inner Flame              Hex/Fire       19%        N/A       8%          3


Dungeon Overview and Level Annotations

Branches:
Dungeon (10/15)            Temple (1/1) D:5            Lair (1/6) D:9
    Orc (2/2) D:9             Elf (0/3) Orc:2        Bailey (visited)

Altars:
Ashenzari
Cheibriados
Dithmenos
Elyvilon
Fedhas
Gozag
Hepliaklqana
Kikubaaqudgha
Makhleb
Nemelex Xobeh
Qazlal
Ru
Sif Muna
Trog
Uskayaw
Vehumet
Wu Jian
Xom
Yredelemnul
Zin
The Shining One
Beogh
Lugonu

Shops:
D:5 (   Orc:2 [[

Annotations:
D:7 2 transporters
D:8 Harold
D:9 2 transporters, Araneus's ghost, novice DsMo


Innate Abilities, Weirdness & Mutations

You cannot wear most types of armour.
You are amphibious.
You can wear up to eight rings at the same time.
Your skin changes colour to match your surroundings (Stealth+).
Your rubbery body absorbs attacks. (AC +1, EV +1)
((You are camouflaged when in or above water. (Stealth+)))
You have tentacles for arms and can constrict up to eight enemies at once.


Message History

The orc warrior closely misses you. x2
There is a staircase back to the Dungeon, spattered with blood here.
Unknown command.
Casting: Blink (safe; 2% risk of failure)
Confirm with . or Enter, or press ? or * to list all spells.
Aiming: Mephitic Cloud (safe; 1% risk of failure)
Press: ? - help, Shift-Dir - straight line, f - orc warrior
Aim: an orc warrior, wielding a +0 scimitar and wearing a +0 chain mail (chance to affect: 81%)
The ball explodes into a vile cloud!
The stinking cloud engulfs the orc warrior but does no damage.
The stinking cloud engulfs you but does no damage.
The orc warrior is engulfed in noxious fumes.
The orc warrior appears confused.
The orc warrior misses you.
You climb upwards.
Welcome back to the Dungeon!
Level annotation: 2 transporters, Araneus's ghost, novice DsMo
There is a staircase to the Orcish Mines here.
Unknown command.
You start resting.
Magic restored.
You climb downwards.
Welcome back to the Orcish Mines!
The orc knight hits you with a +3 war axe of freezing!!
The orc knight freezes you.
There is a staircase back to the Dungeon, spattered with blood here.
Unknown command.
Unknown command.
The orc knight hits you with a +3 war axe of freezing!!
You climb upwards.
Welcome back to the Dungeon!
Level annotation: 2 transporters, Araneus's ghost, novice DsMo
There is a staircase to the Orcish Mines here.
Unknown command.
Casting: Mephitic Cloud (safe; 1% risk of failure)
Confirm with . or Enter, or press ? or * to list all spells.
You blink.
The orc knight hits you with a +3 war axe of freezing!!
* * * LOW HITPOINT WARNING * * *
The orc knight freezes you.
* * * LOW HITPOINT WARNING * * *
You feel better.
The orc knight hits you with a +3 war axe of freezing!!
You die...

......#.#..[....[.....# #.#
................).....####.######
####.####.#<..#.#)#?.............
..........#..[#.#.#....#####.####
.###.######...#.#.#....# #.#
...#.##.......#.#§#....# #.#
####.##.###.#.#.#.#....#####.#
.....##.###.#...o............#
#..#.#..........@....©.......#
#..#.#......##...#########...#
#..#.#......##..##8WK...8##..#
#..###......##..#yco.....©#..#
#..###......##..#Z.#...#.W#..#
#...............#.#.....#.#..#
...###..........#....©....#..#
...# #..⌠.⌠.....#.#.....#.#..#
...####.._......#..#...#..#..#


You could see an orc knight, a centaur warrior, a kobold demonologist, a hornet,
an orc wizard, Araneus's ghost and a wyvern zombie.

Vanquished Creatures
  2 two-headed ogres (D:9)
  3 orc knights
  Pikel (D:6)
  Joseph (D:9)
  A kobold demonologist (D:10)
  2 trolls
  4 yaks
  Grum (D:9)
  A water moccasin (D:9)
  20 orc warriors
  6 black bears
  2 ice beasts (D:6)
  A sky beast (D:7)
  4 ogres
  3 centaurs
  2 wolves (D:9)
  A kobold brigand (D:9)
  3 lemures (D:6)
  A bullfrog (Lair:1)
  A gnoll sergeant (D:9)
  A water moccasin skeleton (D:6)
  A howler monkey (D:10)
  An electric eel (Lair:1)
  A bullfrog zombie (D:5)
  A centaur zombie (D:9)
  A bullfrog skeleton (D:6)
  3 hounds
  6 orc priests
  A gnoll shaman (D:7)
  3 jellies
  A centaur skeleton (D:4)
  13 orc wizards
  A hound zombie (D:5)
  A hound skeleton (D:4)
  A howler monkey zombie (D:6)
  16 gnolls
  A howler monkey skeleton (D:7)
  8 adders
  A shadow imp (D:6)
  An ufetubus (D:7)
  An adder skeleton (D:5)
  A worm (D:2)
  4 dart slugs
  37 orcs
  5 ball pythons
  5 bats
  6 endoplasms
  2 giant cockroaches (D:3)
  11 goblins
  14 hobgoblins
  7 jackals
  3 quokkas
  A frilled lizard (D:3)
  16 kobolds
  7 rats
243 creatures vanquished.

Vanquished Creatures (collateral kills)
  2 adders (D:2)
2 creatures vanquished.

Vanquished Creatures (others)
  30 foxfires
  2 plants
32 creatures vanquished.

Grand Total: 277 creatures vanquished

Notes
Turn   | Place    | Note
-------+----------+-------------------------------------------
     0 | D:1      | Kaptain the Octopode Hedge Wizard began the quest for the
                  | Orb.
     0 | D:1      | Reached XP level 1. HP: 11/11 MP: 4/4
   393 | D:1      | Reached XP level 2. HP: 17/17 MP: 0/6
  1249 | D:2      | Reached XP level 3. HP: 22/22 MP: 1/7
  1347 | D:2      | Learned a level 2 spell: Blink
  1350 | D:2      | Learned a level 2 spell: Call Imp
  1354 | D:2      | Learned a level 3 spell: Mephitic Cloud
  1690 | D:2      | Found a faded altar of an unknown god.
  1841 | D:2      | Reached skill level 1 in Fighting
  1841 | D:2      | Reached XP level 4. HP: 20/28 MP: 1/9
  2159 | D:3      | Found a white marble altar of Elyvilon.
  2276 | D:3      | Found an ancient bone altar of Kikubaaqudgha.
  3110 | D:3      | Reached XP level 5. HP: 33/33 MP: 4/10
  3296 | D:4      | Noticed an ogre
  3522 | D:4      | Found a shimmering altar of Xom.
  3726 | D:4      | Identified the +0 robe of Hangman {rPois Int+6}
  3811 | D:4      | Learned a level 1 spell: Slow
  4358 | D:4      | Found a shimmering blue altar of Sif Muna.
  4416 | D:5      | Entered Level 5 of the Dungeon
  4442 | D:5      | Noticed a black bear
  4452 | D:5      | Killed a black bear
  4453 | D:5      | Reached XP level 6. HP: 31/39 MP: 1/12
  4488 | D:5      | Noticed a black bear
  4550 | D:5      | Killed a black bear
  4668 | D:5      | Found Qumale's Antique Weapon Boutique.
  4668 | D:5      | Found a staircase to the Ecumenical Temple.
  4879 | D:3      | Reached XP level 7. HP: 42/45 MP: 13/13
  4932 | D:3      | Learned a level 3 spell: Conjure Flame
  5115 | D:5      | Reached skill level 5 in Stealth
  5126 | D:5      | Reached skill level 5 in Spellcasting
  5584 | Temple   | Entered the Ecumenical Temple
  5878 | D:6      | Found a broken altar of Ashenzari.
  5924 | D:6      | Reached XP level 8. HP: 51/51 MP: 5/15
  6084 | D:6      | Found a glowing golden altar of the Shining One.
  6098 | D:6      | Noticed Pikel
  6375 | D:6      | Reached skill level 5 in Conjurations
  6431 | D:6      | Killed Pikel
  6642 | D:6      | Identified a scroll of acquirement
  6642 | D:6      | Acquired the ring of Sunosa {rF- rC+ Will+ Int+10 Stlth+}
  6960 | D:6      | Identified the +1 robe of Wipluell {rF+ rN+ Slay-6}
  7061 | D:6      | Reached XP level 9. HP: 45/58 MP: 15/18
  7489 | D:7      | Found a hide-covered altar of Uskayaw.
  7509 | D:7      | Found a sacrificial altar of Ru.
  7805 | D:7      | Found a transporter.
  7808 | D:7      | Noticed a green ugly thing
  7808 | D:7      | Noticed a green ugly thing
  7810 | D:7      | Found a corrupted altar of Lugonu.
  7811 | D:7      | Noticed a white ugly thing
  8336 | D:7      | Found a transporter.
  8395 | D:7      | Noticed a harpy
  8491 | D:8      | Noticed Harold
  8495 | D:8      | Found a flagged portal.
  8498 | Bailey   | Entered a bailey
  8590 | Bailey   | Reached skill level 5 in Fighting
  8590 | Bailey   | Reached skill level 5 in Dodging
  8844 | Bailey   | Noticed an orc knight
  8880 | Bailey   | Killed an orc knight
  9077 | Bailey   | Identified the +4 dagger of the Red Skies {freeze, SInv}
  9091 | Bailey   | Reached XP level 10. HP: 68/68 MP: 20/20
  9297 | Bailey   | Noticed an orc warlord
  9366 | Bailey   | Reached XP level 11. HP: 18/77 MP: 17/23
  9682 | Bailey   | Noticed an orc knight
  9725 | Bailey   | Killed an orc knight
 10208 | D:9      | Noticed Joseph
 10214 | D:9      | Killed Joseph
 10218 | D:9      | Noticed a two-headed ogre
 10234 | D:9      | Killed a two-headed ogre
 10345 | D:9      | Noticed Grum
 10367 | D:9      | Killed Grum
 10447 | D:9      | Found a staircase to the Lair.
 10472 | D:9      | Found a transporter.
 10481 | D:9      | Found a staircase to the Orcish Mines.
 10485 | D:9      | Noticed Araneus's ghost (novice DsMo)
 10696 | D:9      | Found a sparkling altar of Nemelex Xobeh.
 10729 | D:9      | Noticed a centaur warrior
 10743 | D:9      | Found a transporter.
 10815 | D:9      | Found an opulent altar of Gozag.
 11000 | D:9      | Noticed a two-headed ogre
 11013 | D:9      | Killed a two-headed ogre
 11014 | D:9      | Reached skill level 10 in Stealth
 11129 | D:9      | Found a blossoming altar of Fedhas.
 11220 | D:9      | Identified the +1 leather armour of the Shrike {*Corrode
                  | rPois SInv}
 11494 | D:10     | Entered Level 10 of the Dungeon
 11511 | D:10     | Learned a level 1 spell: Foxfire
 11659 | D:10     | Reached skill level 1 in Shields
 11949 | Lair:1   | Entered Level 1 of the Lair of Beasts
 12197 | Orc:1    | Entered Level 1 of the Orcish Mines
 12200 | Orc:1    | Noticed an orc knight
 12335 | D:9      | Killed an orc knight
 12336 | D:9      | Reached skill level 10 in Conjurations
 13100 | Orc:2    | Entered Level 2 of the Orcish Mines
 13114 | Orc:2    | Found a staircase to the Elven Halls.
 13117 | Orc:2    | Found Kaorirghoza's Armour Shoppe.
 13153 | Orc:1    | Reached XP level 12. HP: 44/85 MP: 25/25
 13463 | Orc:2    | Found Eluxt's Antique Armour Shoppe.
 14180 | D:9      | Slain by an orc knight

Illustrated notes

Levels and vault maps discovered:
D:1:      dpeg_chamrin_arrival_tetris, layout_basic
D:2:      layout_rooms, chequers_ecumenical_altar_simple, skrybe_limestone_x,
          kennysheep_another_room
D:3:      layout_basic, nicolae_elyvilon_temple_path,
          mainiacjoe_overflow_cross_hatched
D:4:      layout_cave_pools, xom_teletrap_fun, kennysheep_mini,
          minmay_fractal_squares_gapless_5
D:5:      layout_rooms, minmay_temple_entry_drinking_statues, serial_shops,
          nicolae_shop_stone
D:6:      layout_gridville, old_standard_altar, tso_metal_star,
          minmay_misc_feat_chi, uniq_pikel
D:7:      gammafunk_corrupted_shrine, layout_cave_pools,
          nicolae_uskayaw_murder_on_the_dancefloor, nicolae_ru_awakened_eye,
          grunt_ministairs_11, minmay_misc_feat_square
D:8:      layout_rooms, mainiacjoe_overflow_alcove_4, enter_bailey_1,
          grunt_decor_clamped, serial_bayou_lagoon_a, kennysheep_generic_room_4,
          uniq_harold
D:9:      layout_basic, nemelex_xobeh_ov_fountains_minmay,
          mainiacjoe_overflow_24_doors, kennysheep_little_box, lair_entry_dummy,
          orc_0_dummy, gammafunk_ghost_arena, uniq_grum, uniq_joseph
D:10:     layout_gridville, st_stairs_10, uniq_maggie
Temple:   dpeg_chambers_temple
Lair:1:   layout_regular_city, basic_altar, beast_lair_carwin_10,
          grunt_megastairs_5, infiniplex_staircase_pool, serial_bayou_shore_b
Orc:1:    layout_diamond_mine, basic_altar
Orc:2:    grunt_orc_community_town_hall, layout_caves,
          grunt_orc_community_big_house_1, grunt_orc_community_big_house_1,
          grunt_orc_community_house_1, grunt_orc_community_house_3,
          grunt_orc_community_house_3, grunt_orc_community_house_2,
          grunt_orc_community_house_2, serial_shops,
          nicolae_shop_competitors_out_of_business, nooodl_orcs_dogs,
          uniq_maurice

Skill      XL: |  1  2  3  4  5  6  7  8  9 10 11 |
---------------+----------------------------------+-----
Stealth        | 3 4 5 6 7 9 10 | 10.3
Conjurations   | 2 3 4 5 7 9 10 | 10.0
Fighting       | 1 2 4 5 8 9 |  9.0
Spellcasting   | 4 5 6 7 8 9 |  9.7
Dodging        | 3 4 5 6 7 |  7.2
Shields        | 2 |  2.4
Summonings     | |  1.0
Translocations | |  1.0
Fire Magic     | |  0.4

Action                   |  1- 3 |  4- 6 |  7- 9 | 10-12 || total
-------------------------+-------+-------+-------+-------++-------
Melee: Dagger            |    11 |    42 |    78 |   166 ||   297
       Constrict         |     4 |    13 |    44 |    45 ||   106
       Short sword       |     8 |       |       |       ||     8
       Tentacles         |     2 |    11 |    51 |    58 ||   122
       Punch             |       |     2 |     6 |     4 ||    12
       Long sword        |       |       |    70 |       ||    70
 Cast: Magic Dart        |    69 |   131 |   118 |    41 ||   359
       Call Imp          |     6 |     2 |     3 |     2 ||    13
       Mephitic Cloud    |       |     4 |    47 |    87 ||   138
       Slow              |       |     1 |       |       ||     1
       Conjure Flame     |       |       |     1 |       ||     1
       Blink             |       |       |       |     8 ||     8
       Foxfire           |       |       |       |    17 ||    17
  Use: Scroll            |       |     8 |     5 |     6 ||    19
       Potion            |       |       |     1 |     4 ||     5
 Stab: Sleeping          |     1 |     3 |     1 |     7 ||    12
       Confused          |       |       |    11 |    20 ||    31
Armor: Skin              |    13 |    19 |    30 |    19 ||    81
Dodge: Dodged            |    21 |    32 |    64 |    88 ||   205
Block: Buckler           |       |       |       |    16 ||    16
